Map: Vaani Research Station (Void)

Players

Xis - Winner!

  • Race: Protoss Protoss
  • League: Diamond
  • Spawn Location: 6:00

Musumeci

  • Race: Zerg Zerg
  • League: Diamond
  • Spawn Location: 12:00

VOD

Have the link to the VOD?

Description

Time

  • Played on: Jan. 8, 2017, 8:47 a.m.
  • Length: 13:16
Show
View Real Time Build Order
Export as new Build Order

Xis Protoss - Winner!

Build Orders: 1 Gate Expand, Zealot Archon, Dark Templar Rush 

Get SALT Encoding   

  12  0:01  Probe (Chrono Boost)  
  13  0:12  Probe (Chrono Boost)  
  14  0:20  Pylon  
  14  0:25  Probe (Chrono Boost)  
  15  0:39  Probe (Chrono Boost)  
  16  0:44  Gateway  
  16  0:49  Probe (Chrono Boost)  
  17  1:00  Probe (Chrono Boost)  
  18  1:10  Probe (Chrono Boost)  
  19  1:21  Probe (Chrono Boost)  
  20  1:32  Nexus  
  20  1:37  Probe (Chrono Boost)  
  20  1:38  Assimilator  
  21  1:40  Assimilator  
  21  1:48  Cybernetics Core  
  21  1:50  Probe (Chrono Boost)  
  22  2:05  Probe (Chrono Boost)  
  23  2:10  Pylon  
  23  2:26  Twilight Council  
  23  2:28  Probe (Chrono Boost)  
  26  2:31  Warp Gate  
  26  2:43  Probe (Chrono Boost)  
  25  2:45  Probe (Chrono Boost)  
  26  2:59  Adept  
  28  3:06  Dark Shrine  
  28  3:12  Gateway x2  
  28  3:14  Probe (Chrono Boost)  
  28  3:15  Probe (Chrono Boost)  
  30  3:25  Probe (Chrono Boost)  
  30  3:26  Robotics Facility  
  31  3:37  Probe (Chrono Boost)  
  32  3:53  Probe x2 (Chrono Boost)  
  34  4:02  Gateway  
  34  4:06  Probe (Chrono Boost)  
  34  4:07  Probe (Chrono Boost)  
  34  4:08  Warp Prism  
  39  4:32  Probe x2 (Chrono Boost)  
  39  4:42  Assimilator, Probe (Chrono Boost)  
  39  4:43  Probe (Chrono Boost)  
  39  4:44  Pylon  
  41  4:46  Pylon  
  41  4:50  Observer  
  42  4:53  Probe x2 (Chrono Boost)  
  44  5:05  Dark Templar x3  
  50  5:07  Dark Templar  
  50  5:09  Probe x2 (Chrono Boost)  
  54  5:20  Probe x2 (Chrono Boost)  
  56  5:30  Probe x2 (Chrono Boost)  
  58  5:41  Probe x2 (Chrono Boost)  
  60  5:53  Archon  
  60  5:54  Archon  
  60  5:56  Probe (Chrono Boost)  
  61  6:00  Pylon  
  61  6:03  Pylon  
  67  6:18  Immortal  
  67  6:19  Mothership Core (Chrono Boost)  
  67  6:39  Pylon  
  67  6:43  Probe x2 (Chrono Boost)  
  67  6:45  Stargate  
  67  6:46  Stargate  
  69  6:57  Immortal  
  69  7:00  Pylon  
  67  7:11  Sentry  
  67  7:12  Sentry  
  71  7:16  Resonating Glaives  
  71  7:23  Probe x2 (Chrono Boost)  
  71  7:27  Assimilator  
  73  7:30  Gateway  
  73  7:31  Gateway  
  73  7:32  Forge  
  73  7:34  Phoenix, Probe x2 (Chrono Boost)  
  73  7:36  Phoenix  
  81  7:37  Immortal  
  83  7:48  Nexus  
  83  7:49  Pylon  
  83  7:52  Pylon  
  83  8:12  Adept x4  
  74  8:29  Phoenix x2  
  76  8:37  Adept  
  76  8:38  Adept x3, Protoss Ground Weapons Level 1  
  78  8:57  Adept x2  
  78  8:58  Adept x2  
  78  8:59  Adept x2  
  88  9:17  Phoenix  
  88  9:19  Phoenix  
  92  9:29  Nexus  
  92  9:32  Pylon  
  92  9:34  Pylon  
  92  9:35  Gateway  
  92  9:41  Gateway  
  92  9:42  Gateway, Pylon  
  92  9:43  Fleet Beacon  
  92  9:44  Gateway  
  91  9:57  Nexus  
  91  10:02  Adept x4  
  91  10:03  Adept x2  
  91  10:05  Warp Prism  
  96  10:23  Adept x6, Phoenix  
  96  10:26  Phoenix  
  112  10:34  Probe x2 (Chrono Boost)  
  114  10:46  Probe (Chrono Boost)  
  113  10:56  Adept x2  
  117  10:58  Pylon  
  117  11:15  Stalker x3  
  117  11:16  Stalker x6  
  117  11:17  Stalker  
  105  11:39  Stalker  
  103  11:43  Nexus  
  95  11:56  Stalker x4  
  95  11:57  Stalker x3  
  105  12:12  Zealot  
  107  12:27  Adept  
  107  12:28  Adept x3  
  113  12:34  Adept  
  111  12:45  Adept x2  
Show
View Real Time Build Order
Export as new Build Order

Musumeci Zerg 

Build Orders: Hatch First 

Get SALT Encoding   

  12  0:01  Drone  
  13  0:08  Drone  
  13  0:13  Extractor  
  13  0:16  Drone  
  15  0:42  Hatchery  
  14  0:46  Extractor  
  14  0:47  Drone  
  15  1:05  Spawning Pool  
  15  1:07  Extractor  
  15  1:08  Extractor  
  12  1:11  Drone  
  12  1:15  Drone  
  16  1:20  Overlord  
  16  1:39  Drone x2  
  18  1:45  Drone  
  19  1:53  Queen  
  21  1:54  Queen  
  21  1:58  Drone  
  24  2:07  Drone  
  24  2:08  Drone x2  
  27  2:26  Spore Crawler  
  27  2:28  Spore Crawler  
  25  2:34  Queen  
  27  2:39  Queen  
  27  2:40  Extractor  
  28  2:51  Overlord  
  28  2:53  Overlord  
  28  3:10  Drone x8  
  36  3:21  Drone x4  
  40  3:31  Spore Crawler  
  39  3:40  Hatchery  
  38  3:42  Zergling x2  
  39  3:50  Extractor  
  38  4:04  Zergling x12  
  44  4:16  Spore Crawler  
  43  4:17  Zergling x2, Spore Crawler  
  43  4:33  Metabolic Boost  
  43  4:35  Drone  
  43  4:38  Overlord x3  
  44  4:39  Evolution Chamber  
  43  5:05  Drone  
  43  5:06  Drone x6  
  50  5:08  Zerg Melee Weapons Level 1  
  50  5:14  Extractor  
  50  5:16  Extractor  
  48  5:23  Zergling x12  
  48  5:28  Baneling Nest  
  53  5:29  Drone x5  
  57  5:55  Lair  
  51  6:13  Zergling x6  
  51  6:14  Zergling x24  
  59  6:35  Drone x6  
  59  6:36  Drone  
  66  6:53  Drone x5  
  71  7:06  Zergling x2  
  71  7:07  Zergling x6  
  71  7:15  Drone x3  
  73  7:20  Spire  
  73  7:21  Drone  
  73  7:30  Extractor  
  73  7:33  Extractor  
  73  7:34  Extractor  
  73  7:36  Centrifical Hooks  
  70  7:45  Drone x4  
  74  7:55  Overlord x5  
  69  8:22  Zergling x2  
  69  8:23  Zergling x22  
  75  8:46  Queen  
  77  8:51  Zerg Flyer Weapons Level 1, Corruptor  
  77  8:52  Corruptor x9  
  97  9:08  Corruptor x2  
  100  9:15  Drone x4  
  100  9:16  Drone x2  
  105  9:22  Infestation Pit, Drone  
  105  9:23  Drone x6  
  111  9:30  Zergling x4  
  113  9:40  Baneling  
  113  9:41  Baneling x6  
  113  9:47  Hatchery  
  109  9:55  Zergling x10  
  99  10:21  Zergling x2  
  99  10:22  Zergling x28  
  113  10:34  Spore Crawler x2  
  110  10:39  Spore Crawler  
  110  10:40  Spore Crawler  
  108  10:44  Spore Crawler x2  
  106  10:54  Zergling x10  
  106  10:55  Zergling x8  
  112  11:01  Baneling x7  
  108  11:08  Baneling x7  
  108  11:09  Baneling x2  
  98  11:14  Baneling x10  
  80  11:29  Zergling x16  
  80  11:30  Zergling x4  
  84  11:39  Zergling x10  
  82  12:08  Zergling x8  
  82  12:09  Zergling x2  
  82  12:11  Hatchery, Baneling x3  
  82  12:12  Baneling x4  
  79  12:31  Zergling x8  
  76  12:38  Zergling x8  
  76  12:42  Baneling  
  76  12:43  Baneling x6  
  80  12:50  Baneling  
Tags
 
Add a new tag
Caveats
  • Supply blocks, unpowered buildings, or Contaminate may cause inaccurate times.
  • Supply counts are checked every 10 seconds.